| TOP OF THE 1ST |
|
Winter Haven Sun Sox batting - Pitching for West Palm Beach Expos : RHP Domingo Valdez
|
|
Pitching: RHP Domingo Valdez
|
|
|
Batting: LHB Don Carter
|
0-0: Ball 1-0: Ball 2-0: Called Strike 2-1: Ball 3-1: SINGLE (Line Drive, 89S, EV 106.9 MPH)
|
|
Batting: RHB Domingo Ramos
|
0-0: Ball 1-0: Called Strike 1-1: Swinging Strike 1-2: Strikes out swinging
|
|
Batting: LHB Charles Melito
|
0-0: Called Strike 0-1: Ball 1-1: SINGLE (Line Drive, 89S, EV 93.8 MPH) Don Carter to second Runner from 2nd tries for 3rd, SAFE, no throw by RF
|
|
Batting: LHB John Heller
|
0-0: Ball 1-0: Ball 2-0: Ball 3-0: Called Strike 3-1: Base on Balls Charles Melito to second
|
|
Batting: RHB Michael Rupp
|
0-0: Ball 1-0: Foul Ball, location: 2F 1-1: Called Strike 1-2: Foul Ball, location: 2F 1-2: Strikes out swinging
|
|
Batting: RHB Takashi Upshur
|
0-0: Foul Ball, location: 2F 0-1: Ball 1-1: Ball 2-1: Foul Ball, location: 2F 2-2: Ball 3-2: Base on Balls Don Carter scores Charles Melito to third John Heller to second
|
|
Batting: RHB Stephen Rhodes
|
0-0: Swinging Strike 0-1: Swinging Strike 0-2: Strikes out swinging
|
| Top of the 1st over - 1 run, 2 hits, 0 errors, 3 left on base; Winter Haven 1 - West Palm Beach 0 |
| BOTTOM OF THE 1ST |
|
West Palm Beach Expos batting - Pitching for Winter Haven Sun Sox : RHP Camila Estado
|
|
Pitching: RHP Camila Estado
|
|
|
Batting: RHB Roland Oruna
|
0-0: Called Strike 0-1: Foul Ball, location: 2F 0-2: Ball 1-2: Foul Ball, location: 2F 1-2: Fly out, F5 (Popup, 5SF, EV 64.4 MPH)
|
|
Batting: RHB Steve Kiefer
|
0-0: Ball 1-0: Ball 2-0: Called Strike 2-1: Ball 3-1: Swinging Strike 3-2: Base on Balls
|
|
Batting: SHB Terry Pendleton
|
0-0: Called Strike 0-1: Ball Steve Kiefer steals 2nd base 1-1: Ball 2-1: Ground out 4-3 (Groundball, 4, EV 83.1 MPH) Steve Kiefer to third
|
|
Batting: SHB Mark Pirruccello
|
0-0: Ball 1-0: Ball 2-0: Ball 3-0: Called Strike 3-1: Foul Ball, location: 2F 3-2: Strikes out looking
|
| Bottom of the 1st over - 0 runs, 0 hits, 0 errors, 1 left on base; Winter Haven 1 - West Palm Beach 0 |
| TOP OF THE 2ND |
|
Winter Haven Sun Sox batting - Pitching for West Palm Beach Expos : RHP Domingo Valdez
|
|
Batting: RHB Tim Carroll
|
0-0: Foul Ball, location: 2F 0-1: Ground out 4-3 (Groundball, 4, EV 102.5 MPH)
|
|
Batting: RHB Jose Marcano
|
0-0: Called Strike 0-1: Foul Ball, location: 2F 0-2: Ground out U3 (Groundball, 34, EV 105.6 MPH)
|
|
Batting: LHB Don Carter
|
0-0: Ball 1-0: Ball 2-0: SINGLE (Line Drive, 56, EV 98.1 MPH)
|
|
Batting: RHB Domingo Ramos
|
0-0: Foul Ball, location: 2F 0-1: Ball 1-1: Ball 2-1: Ground out 5-3 (Groundball, 56S, EV 83.8 MPH)
|
| Top of the 2nd over - 0 runs, 1 hit, 0 errors, 1 left on base; Winter Haven 1 - West Palm Beach 0 |
| BOTTOM OF THE 2ND |
|
West Palm Beach Expos batting - Pitching for Winter Haven Sun Sox : RHP Camila Estado
|
|
Batting: RHB Don Berti
|
0-0: Ball 1-0: Ball 2-0: Swinging Strike 2-1: Ball 3-1: Swinging Strike 3-2: Ground out U3 (Groundball, 3, EV 86.3 MPH)
|
|
Batting: LHB Jesus Alfes
|
0-0: Called Strike 0-1: Fly out, F8 (Line Drive, 8RD, EV 101.3 MPH)
|
|
Batting: LHB Keith Hughes
|
0-0: Called Strike 0-1: Ball 1-1: DOUBLE (Groundball, 3L, EV 100.0 MPH)
|
|
Batting: RHB Matthew Gundelfinger
|
0-0: Called Strike 0-1: Called Strike 0-2: Ground out 5-3 (Groundball, 56S, EV 71.3 MPH)
|
| Bottom of the 2nd over - 0 runs, 1 hit, 0 errors, 1 left on base; Winter Haven 1 - West Palm Beach 0 |
| TOP OF THE 3RD |
|
Winter Haven Sun Sox batting - Pitching for West Palm Beach Expos : RHP Domingo Valdez
|
|
Batting: LHB Charles Melito
|
0-0: Ball 1-0: Ground out 5-3 (Groundball, 56S, EV 85.0 MPH)
|
|
Batting: LHB John Heller
|
0-0: Foul Ball, location: 2F 0-1: Ground out 6-3 (Groundball, 6, EV 108.1 MPH)
|
|
Batting: RHB Michael Rupp
|
0-0: Called Strike 0-1: Ball 1-1: Ball 2-1: Swinging Strike 2-2: Ground out 6-3 (Groundball, 6, EV 91.3 MPH)
|
| Top of the 3rd over - 0 runs, 0 hits, 0 errors, 0 left on base; Winter Haven 1 - West Palm Beach 0 |
| BOTTOM OF THE 3RD |
|
West Palm Beach Expos batting - Pitching for Winter Haven Sun Sox : RHP Camila Estado
|
|
Batting: RHB Humberto Cardenas
|
0-0: Ball 1-0: Called Strike 1-1: Foul Ball, location: 2F 1-2: Foul Ball, location: 2F 1-2: Strikes out swinging
|
|
Batting: RHB Roland Oruna
|
0-0: Called Strike 0-1: Swinging Strike 0-2: Ball 1-2: DOUBLE (Line Drive, 9LM, EV 99.4 MPH)
|
|
Batting: RHB Steve Kiefer
|
0-0: Foul Ball, location: 2F 0-1: Called Strike 0-2: Ball 1-2: Ball 2-2: Strikes out looking
|
|
Batting: SHB Terry Pendleton
|
0-0: Ball 1-0: Fly out, F4 (Flyball, 4D, EV 79.4 MPH)
|
| Bottom of the 3rd over - 0 runs, 1 hit, 0 errors, 1 left on base; Winter Haven 1 - West Palm Beach 0 |
| TOP OF THE 4TH |
|
Winter Haven Sun Sox batting - Pitching for West Palm Beach Expos : RHP Domingo Valdez
|
|
Batting: RHB Takashi Upshur
|
0-0: Ground out 5-3 (Groundball, 56, EV 83.8 MPH)
|
|
Batting: RHB Stephen Rhodes
|
0-0: Ball 1-0: Swinging Strike 1-1: Foul Ball, location: 2F 1-2: Ball 2-2: SINGLE (Groundball, 6MD, EV 100.0 MPH)
|
|
Batting: RHB Tim Carroll
|
0-0: Called Strike Stephen Rhodes steals 2nd base 0-1: Reached on error, E4 (Groundball, 4, EV 83.8 MPH) Stephen Rhodes scores
|
|
Batting: RHB Jose Marcano
|
0-0: Called Strike 0-1: Ball 1-1: Foul Ball, location: 2F 1-2: Strikes out swinging
|
|
Batting: LHB Don Carter
|
0-0: Ball 1-0: Ball 2-0: Called Strike 2-1: Ground out 2-3 (Groundball, 15S, EV 67.5 MPH)
|
| Top of the 4th over - 1 run, 1 hit, 1 error, 1 left on base; Winter Haven 2 - West Palm Beach 0 |
| BOTTOM OF THE 4TH |
|
West Palm Beach Expos batting - Pitching for Winter Haven Sun Sox : RHP Camila Estado
|
|
Batting: SHB Mark Pirruccello
|
0-0: Ball 1-0: Foul Ball, location: 2F 1-1: Ball 2-1: Ball 3-1: Base on Balls
|
|
Batting: RHB Don Berti
|
0-0: Called Strike 0-1: Swinging Strike 0-2: SINGLE (Flyball, 89M, EV 84.4 MPH) Mark Pirruccello to second
|
|
Batting: LHB Jesus Alfes
|
0-0: Fly out, F4 (Line Drive, 4, EV 76.3 MPH)
|
|
Batting: LHB Keith Hughes
|
0-0: Fly out, F9 (Flyball, 89S, EV 81.3 MPH)
|
|
Batting: RHB Matthew Gundelfinger
|
0-0: Ball 1-0: Foul Ball, location: 2F 1-1: Foul Ball, location: 2F 1-2: SINGLE (Line Drive, 3D, EV 97.5 MPH) Mark Pirruccello to third Don Berti to second Runner from 3rd tries for Home, SAFE, throw by RF to home
|
|
Batting: RHB Humberto Cardenas
|
0-0: Ball 1-0: SINGLE (Line Drive, 34D, EV 96.3 MPH) Don Berti to third Matthew Gundelfinger to second Runner from 3rd tries for Home, SAFE, throw by RF to home
|
|
Batting: RHB Roland Oruna
|
0-0: Called Strike 0-1: SINGLE (Line Drive, 78S, EV 95.6 MPH) Matthew Gundelfinger to third Humberto Cardenas to second Runner from 3rd tries for Home, SAFE, throw by LF to home
|
|
Batting: RHB Steve Kiefer
|
0-0: Ball 1-0: Called Strike 1-1: SINGLE (Line Drive, 9LS, EV 95.0 MPH) Humberto Cardenas to third Roland Oruna to second Runner from 3rd tries for Home, SAFE, throw by RF to home
|
|
Batting: SHB Terry Pendleton
|
0-0: Called Strike 0-1: Ball 1-1: Ball 2-1: Fly out, F6 (Popup, 6D, EV 61.9 MPH)
|
| Bottom of the 4th over - 4 runs, 5 hits, 0 errors, 2 left on base; Winter Haven 2 - West Palm Beach 4 |
| TOP OF THE 5TH |
|
Winter Haven Sun Sox batting - Pitching for West Palm Beach Expos : RHP Domingo Valdez
|
|
Batting: RHB Domingo Ramos
|
0-0: Foul Ball, location: 2F 0-1: Ground out 3-1 (Groundball, 3S, EV 68.8 MPH)
|
|
Batting: LHB Charles Melito
|
0-0: SINGLE (Flyball, 56D, EV 89.4 MPH)
|
|
Batting: LHB John Heller
|
0-0: Ball 1-0: Ball 2-0: Ball 3-0: Called Strike 3-1: Base on Balls Charles Melito to second
|
|
Batting: RHB Michael Rupp
|
0-0: Fly out, F8 (Line Drive, 8LD, EV 103.1 MPH)
|
|
Batting: RHB Takashi Upshur
|
0-0: Fielders Choice at 2nd, 6-4 (Groundball, 56, EV 85.6 MPH)
|
| Top of the 5th over - 0 runs, 1 hit, 0 errors, 2 left on base; Winter Haven 2 - West Palm Beach 4 |
| BOTTOM OF THE 5TH |
|
West Palm Beach Expos batting - Pitching for Winter Haven Sun Sox : RHP Camila Estado
|
|
Batting: SHB Mark Pirruccello
|
0-0: Called Strike 0-1: Swinging Strike 0-2: Ball 1-2: Strikes out looking
|
|
Batting: RHB Don Berti
|
0-0: Called Strike 0-1: Fly out, F3 (Popup, 23F, EV 89.4 MPH)
|
|
Batting: LHB Jesus Alfes
|
0-0: Ball 1-0: Ball 2-0: Ball 3-0: Foul Ball, location: 2F 3-1: Fly out, F3 (Line Drive, 3, EV 61.3 MPH)
|
| Bottom of the 5th over - 0 runs, 0 hits, 0 errors, 0 left on base; Winter Haven 2 - West Palm Beach 4 |
| TOP OF THE 6TH |
|
Winter Haven Sun Sox batting - Pitching for West Palm Beach Expos : RHP Domingo Valdez
|
|
Batting: RHB Stephen Rhodes
|
0-0: Foul Ball, location: 2F 0-1: Fly out, F8 (Flyball, 8RD, EV 74.4 MPH)
|
|
Batting: RHB Tim Carroll
|
0-0: Swinging Strike 0-1: Ball 1-1: Foul Ball, location: 2F 1-2: Foul Ball, location: 2F 1-2: Ball 2-2: Strikes out swinging
|
|
Batting: RHB Jose Marcano
|
0-0: Swinging Strike 0-1: Foul Ball, location: 2F 0-2: Ball 1-2: Ball 2-2: Ball 3-2: Ground out 6-3 (Groundball, P, EV 87.5 MPH)
|
| Top of the 6th over - 0 runs, 0 hits, 0 errors, 0 left on base; Winter Haven 2 - West Palm Beach 4 |
| BOTTOM OF THE 6TH |
|
West Palm Beach Expos batting - Pitching for Winter Haven Sun Sox : RHP Camila Estado
|
|
Batting: LHB Keith Hughes
|
0-0: Ball 1-0: Ball 2-0: DOUBLE (Line Drive, 9LM, EV 105.6 MPH)
|
|
Batting: RHB Matthew Gundelfinger
|
0-0: Ball 1-0: Foul Ball, location: 2F 1-1: Ball 2-1: Foul Ball, location: 2F 2-2: Foul Ball, location: 2F 2-2: Foul Ball, location: 2F 2-2: Foul Ball, location: 2F 2-2: Fly out, F9 (Flyball, 9S, EV 74.4 MPH)
|
|
Batting: RHB Humberto Cardenas
|
0-0: Called Strike 0-1: Ball 1-1: Ball 2-1: Ball 3-1: Base on Balls
|
|
Batting: RHB Roland Oruna
|
0-0: Called Strike 0-1: Swinging Strike 0-2: Ball 1-2: Foul Ball, location: 2F 1-2: Foul Ball, location: 2F 1-2: Foul Ball, location: 2F 1-2: Ball 2-2: Foul Ball, location: 2F 2-2: Foul Ball, location: 2F 2-2: Ball 3-2: DOUBLE (Flyball, 8RXD, EV 93.8 MPH) Keith Hughes scores Humberto Cardenas to third Humberto Cardenas scores
|
|
Pitching: RHP Dave Steffen
|
|
|
Batting: RHB Steve Kiefer
|
0-0: Ball 1-0: Ball 2-0: Ball 3-0: Base on Balls
|
|
Batting: SHB Terry Pendleton
|
0-0: Called Strike 0-1: Fielders Choice at 2nd, 4-6 (Groundball, 4, EV 108.8 MPH) Roland Oruna to third
|
|
Batting: SHB Mark Pirruccello
|
0-0: Ground out 4-3 (Groundball, 13, EV 78.8 MPH)
|
| Bottom of the 6th over - 2 runs, 2 hits, 0 errors, 2 left on base; Winter Haven 2 - West Palm Beach 6 |
| TOP OF THE 7TH |
|
Winter Haven Sun Sox batting - Pitching for West Palm Beach Expos : RHP Domingo Valdez
|
|
Batting: LHB Don Carter
|
0-0: Fly out, F8 (Line Drive, 8LM, EV 94.4 MPH)
|
|
Batting: RHB Domingo Ramos
|
0-0: Fly out, F7 (Flyball, 78M, EV 80.6 MPH)
|
|
Batting: LHB Charles Melito
|
0-0: Ball 1-0: Swinging Strike 1-1: Ball 2-1: Ball 3-1: SINGLE (Groundball, 34D, EV 95.0 MPH)
|
|
Batting: LHB John Heller
|
0-0: Ball 1-0: Called Strike 1-1: Ground out 4-3 (Groundball, 34, EV 86.3 MPH)
|
| Top of the 7th over - 0 runs, 1 hit, 0 errors, 1 left on base; Winter Haven 2 - West Palm Beach 6 |
| BOTTOM OF THE 7TH |
|
West Palm Beach Expos batting - Pitching for Winter Haven Sun Sox : RHP Dave Steffen
|
|
Batting: RHB Don Berti
|
0-0: Ball 1-0: Ball 2-0: Foul Ball, location: 2F 2-1: Ball 3-1: Called Strike 3-2: Fly out, F8 (Flyball, 8LS, EV 86.9 MPH)
|
|
Batting: LHB Jesus Alfes
|
0-0: Ball 1-0: Ground out 4-3 (Groundball, 4, EV 108.8 MPH)
|
|
Batting: LHB Keith Hughes
|
0-0: Called Strike 0-1: Foul Ball, location: 2F 0-2: Ball 1-2: Foul Ball, location: 2F 1-2: Foul Ball, location: 2F 1-2: Ball 2-2: Ball 3-2: Base on Balls
|
|
Batting: RHB Matthew Gundelfinger
|
0-0: Ball 1-0: Called Strike 1-1: SINGLE (Line Drive, 4D, EV 94.4 MPH) Keith Hughes to second Runner from 2nd tries for 3rd, SAFE, throw by CF made to third
|
|
Batting: RHB Humberto Cardenas
|
0-0: Ball 1-0: Ball 2-0: Foul Ball, location: 2F 2-1: Ball 3-1: Base on Balls Matthew Gundelfinger to second
|
|
Batting: RHB Roland Oruna
|
0-0: Ball 1-0: Called Strike 1-1: Ball 2-1: Foul Ball, location: 2F 2-2: Ball 3-2: Foul Ball, location: 2F 3-2: Foul Ball, location: 2F 3-2: Base on Balls Keith Hughes scores Matthew Gundelfinger to third Humberto Cardenas to second
|
|
Pitching: RHP Luis Soriano
|
|
|
Batting: RHB Steve Kiefer
|
0-0: Ball 1-0: Called Strike 1-1: Ball 2-1: Ball 3-1: Fly out, F4 (Popup, 4MD, EV 71.3 MPH)
|
| Bottom of the 7th over - 1 run, 1 hit, 0 errors, 3 left on base; Winter Haven 2 - West Palm Beach 7 |
| TOP OF THE 8TH |
|
Winter Haven Sun Sox batting - Pitching for West Palm Beach Expos : RHP Domingo Valdez
|
|
Batting: RHB Michael Rupp
|
0-0: Foul Ball, location: 2F 0-1: Ground out 6-3 (Groundball, 6, EV 102.5 MPH)
|
|
Batting: RHB Takashi Upshur
|
0-0: Ball 1-0: SINGLE (Groundball, 6MS, EV 74.4 MPH) (infield hit)
|
|
Batting: RHB Stephen Rhodes
|
0-0: Ball 1-0: Called Strike 1-1: Ball 2-1: Fielders Choice at 2nd, 3-6 (Groundball, 3S, EV 81.3 MPH)
|
|
Batting: RHB Tim Carroll
|
0-0: Ball 1-0: Ball 2-0: Ball 3-0: Called Strike 3-1: Base on Balls Stephen Rhodes to second
|
|
Batting: RHB Jose Marcano
|
0-0: Fielders Choice at 2nd, 5-4 (Groundball, 5, EV 86.3 MPH)
|
| Top of the 8th over - 0 runs, 1 hit, 0 errors, 2 left on base; Winter Haven 2 - West Palm Beach 7 |
| BOTTOM OF THE 8TH |
|
West Palm Beach Expos batting - Pitching for Winter Haven Sun Sox : RHP Luis Soriano
|
|
Batting: SHB Terry Pendleton
|
0-0: SINGLE (Groundball, 34D, EV 93.8 MPH)
|
|
Batting: SHB Mark Pirruccello
|
0-0: Ball 1-0: Called Strike 1-1: Foul Ball, location: 2F 1-2: Strikes out looking
|
|
Batting: RHB Don Berti
|
0-0: Ball 1-0: Ball 2-0: Foul Ball, location: 2F 2-1: DOUBLE (Line Drive, 78M, EV 101.9 MPH) Terry Pendleton to third Runner from 3rd tries for Home, SAFE, no throw by CF
|
|
Batting: LHB Jesus Alfes
|
0-0: Ball 1-0: Ball 2-0: Foul Ball, location: 2F 2-1: Foul Ball, location: 2F 2-2: Ball 3-2: Base on Balls
|
|
Batting: LHB Keith Hughes
|
0-0: Ball 1-0: Called Strike 1-1: Ball 2-1: Fly out, F8 (Flyball, 78M, EV 88.1 MPH)
|
|
Batting: RHB Matthew Gundelfinger
|
0-0: Ball 1-0: Foul Ball, location: 2F 1-1: Foul Ball, location: 2F 1-2: Ball 2-2: Fielders Choice at 2nd, 6-4 (Groundball, 6, EV 79.4 MPH)
|
| Bottom of the 8th over - 1 run, 2 hits, 0 errors, 2 left on base; Winter Haven 2 - West Palm Beach 8 |
| TOP OF THE 9TH |
|
Winter Haven Sun Sox batting - Pitching for West Palm Beach Expos : RHP Domingo Valdez
|
|
Batting: LHB Don Carter
|
0-0: Called Strike 0-1: Foul Ball, location: 2F 0-2: Strikes out swinging
|
|
Batting: RHB Domingo Ramos
|
0-0: Ball 1-0: SINGLE (Groundball, 6MD, EV 93.8 MPH)
|
|
Pitching: RHP Larry Freeburg
|
|
|
Batting: LHB Charles Melito
|
0-0: Called Strike 0-1: Ball 1-1: Called Strike 1-2: Fielders Choice at 2nd, 2-4 (Groundball, 15S, EV 73.1 MPH)
|
|
Batting: LHB John Heller
|
0-0: Called Strike 0-1: Ball 1-1: Foul Ball, location: 2F 1-2: Ball 2-2: Strikes out swinging
|
| Top of the 9th over - 0 runs, 1 hit, 0 errors, 1 left on base; Winter Haven 2 - West Palm Beach 8 |
|